 Dungeon Crawl Stone Soup version 0.29.0-4-gdea44cf6ec (webtiles) character file.

Game seed: 12897961819005270100

2345 qw the Cleaver (level 9, -5/54 HPs)
             Began as a Tengu Warper on Aug 28, 2022.
             Was an Initiate of Okawaru.
             Slain by an orc warrior
             ... wielding a +0 halberd
              (18 damage)
             ... on level 7 of the Dungeon.
             The game lasted 00:00:45 (8093 turns).

qw the Cleaver (Tengu Warper)                       Turns: 8093, Time: 00:00:46

Health: -5/54      AC: 12    Str: 16    XL:     9   Next: 43%
Magic:  13/13      EV:  9    Int: 13    God:    Okawaru [......]
Gold:   269        SH:  0    Dex: 14    Spells: 12/12 levels left

rFire   . . .      SeeInvis .   Y - +1 war axe
rCold   + . .      Faith    .   (no shield)
rNeg    . . .      Spirit   .   k - +0 chain mail
rPois   .          Reflect  .   (helmet restricted)
rElec   .          Harm     .   d - +2 cloak
rCorr   .          Rampage  .   (no gloves)
Will    .....                   (boots unavailable)
Stlth   ..........              (no amulet)
HPRegen 0.18/turn               g - ring of protection from cold
MPRegen 0.13/turn               (no ring)

@: flying quickly and evasively, quick
A: beak, talons 3, nimble flight
a: Renounce Religion


You were on level 7 of the Dungeon.
You worshipped Okawaru.
Okawaru was noncommittal.
You visited 2 branches of the dungeon, and saw 8 of its levels.

You collected 479 gold pieces.
You spent 210 gold pieces at shops.


Innate Abilities, Weirdness & Mutations

You have a beak for a mouth.
You have claws for feet.
Your magical nature lets you fly swiftly and evasively.


   Skills:
 - Level 5.2 Fighting
 + Level 11.0 Axes
 - Level 3.3 Throwing
 - Level 4.1 Armour
 - Level 3.4 Dodging
 - Level 2.0 Spellcasting
 - Level 2.4 Translocations


You had 12 spell levels left.
You didn't know any spells.
Your spell library contained the following spells:

 Spells                   Type           Power      Damage    Failure   Level
 Blink                    Tloc           14%        N/A       93%         2
 Gell's Gravitas          Tloc           7%         N/A       99%         3
 Lesser Beckoning         Tloc           7%         N/A       99%         3
 Teleport Other           Tloc           7%         N/A       99%         3
 Manifold Assault         Tloc           7%         N/A       100%        5

Inventory:

Hand Weapons
 b - a +0 flail
 Y - a +1 war axe (weapon)
Armour
 d - a +2 cloak (worn)
 k - a +0 chain mail (worn)
Jewellery
 g - a ring of protection from cold (left hand)
Scrolls
 a - 2 scrolls of identify
Potions
 c - a potion of lignification {unknown}
 f - 3 potions of curing
 i - 4 potions of haste

Dungeon Overview and Level Annotations

Branches:
Dungeon (7/15)             Temple (1/1) D:7

Altars:
Ashenzari
Cheibriados
Dithmenos
Elyvilon
Fedhas
Gozag
Nemelex Xobeh
Okawaru
Qazlal
Sif Muna
Trog
Uskayaw
Vehumet
Wu Jian
Xom
Yredelemnul
Zin
The Shining One

Shops:
D:6 *

Annotations:
D:4 1 runed translucent door, Leithi's ghost, novice DgWn


Message History

The orc wizard is severely wounded.
The orc warrior hits you from afar with a +0 halberd!
The orc wizard hits you but does no damage.
The orc priest calls down the wrath of Beogh upon you.
You struggle to resist.
You closely miss the orc wizard. You claw the orc wizard.
The orc wizard is almost dead.
The orc warrior closely misses you.
The orc wizard hits you but does no damage.
You closely miss the orc wizard. You claw the orc wizard.
You kill the orc wizard!
Okawaru accepts your kill.
The orc warrior hits you but does no damage.
You closely miss the orc priest.
The orc warrior hits you from afar with a +0 halberd!
The orc priest hits you but does no damage.
You hit the orc priest. You peck the orc priest.
The orc priest is heavily wounded.
The orc warrior hits you from afar with a +0 halberd.
The orc priest hits you with a +0 hand axe!
You hit the orc priest. You claw the orc priest.
You kill the orc priest!
Okawaru accepts your kill. The orc warrior barely misses you.
Your Axes skill increases to level 11!
The orc warrior closely misses you.
You slash the orc warrior!
You claw the orc warrior, but do no damage.
Your peck misses the orc warrior.
The orc warrior is moderately wounded.
The orc warrior hits you with a +0 halberd!
You slash the orc warrior! Your kick misses the orc warrior.
The orc warrior is severely wounded.
You hit the orc warrior. You claw the orc warrior.
The orc warrior is severely wounded.
The orc warrior hits you but does no damage.
You hit the orc warrior but do no damage.
The orc warrior is severely wounded.
The orc warrior hits you with a +0 halberd!!
You die...

######### #### #.......##########
...# #.......#........# ...#
#.......#........# ...#
#.......#........# ...#
#.......######.### ...#
#.....o.#...##.####### .!.#
+......@#............# ...#
#......)'............# ##.#
#.......#####..##..#####
##.#####+#######.....#..##..###.#
...........<#..#.....#...#...#..#
............#..[.....#...#...#..'
............#..#.....#...'...#..#
..........###..#.....#####...#..#
........##...###...###...###...##


You could see an orc warrior.

Vanquished Creatures
  Prince Ribbit (D:5)
  Sigmund (D:3)
  A water moccasin (D:6)
  An ice beast (D:6)
  A black bear (D:4)
  An ogre (D:6)
  2 phantoms (D:3)
  A kobold brigand (D:7)
  A necrophage (D:6)
  6 scorpions
  4 wights (D:7)
  3 howler monkeys
  An electric eel (D:7)
  2 jellies
  5 orc priests
  Ijyb (D:3)
  3 iguanas
  3 orc wizards
  Robin (D:3)
  10 adders
  2 white imps
  An ufetubus (D:6)
  3 dart slugs
  14 orcs
  7 bats
  5 endoplasms
  7 giant cockroaches
  10 hobgoblins
  14 kobolds
  3 quokkas (D:5)
  9 ball pythons
  7 frilled lizards
  14 goblins
  10 rats
155 creatures vanquished.

Vanquished Creatures (others)
  5 fungi (D:3)
  2 plants (D:3)
7 creatures vanquished.

Grand Total: 162 creatures vanquished

Notes
Turn   | Place    | Note
-------+----------+-------------------------------------------
     0 | D:1      | qw the Tengu Warper began the quest for the Orb.
     0 | D:1      | Reached XP level 1. HP: 12/12 MP: 4/4
     0 | D:1      | 0 ||| qw: Version: 0.1-a-89-g26bdef1
     0 | D:1      | 0 ||| qw: Game counter: 1000
     0 | D:1      | 0 ||| qw: Always use a shield: true
     0 | D:1      | 0 ||| qw: God list: Okawaru
     0 | D:1      | 0 ||| qw: Allow faded altars: false
     0 | D:1      | 0 ||| qw: Do Orc after D:15 true
     0 | D:1      | 0 ||| qw: Do second Lair branch before Depths: true
     0 | D:1      | 0 ||| qw: Lair rune preference: random
     0 | D:1      | 0 ||| qw: Plans: Normal
     0 | D:1      | 0 ||| PLANNING D:1-11
   130 | D:1      | Reached XP level 2. HP: 17/17 MP: 6/6
   164 | D:1      | Reached skill level 3 in Axes
   224 | D:1      | 224 ||| Stepping ~*~*~tactically~*~*~ (stealth).
   519 | D:1      | 519 ||| Stepping ~*~*~tactically~*~*~ (hiding).
   621 | D:1      | 621 ||| Stepping ~*~*~tactically~*~*~ (hiding).
   758 | D:1      | Reached XP level 3. HP: 16/21 MP: 7/7
  1269 | D:1      | Reached skill level 4 in Axes
  1346 | D:1      | 1346 ||| UPGRADING to +2 cloak.
  1351 | D:1      | 1351 ||| READING 3 scrolls labelled VIOGGI VUIGH.
  1352 | D:1      | 1352 ||| READING 2 scrolls of enchant weapon.
  1352 | D:1      | 1352 ||| ENCHANTING +1 hand axe.
  1353 | D:1      | 1353 ||| READING scroll of enchant weapon.
  1353 | D:1      | 1353 ||| ENCHANTING +2 hand axe.
  1354 | D:1      | 1354 ||| READING scroll labelled WEUNOWOELI.
  1355 | D:1      | 1355 ||| DRINKING 2 murky blue potions.
  1356 | D:1      | 1356 ||| DRINKING 2 smoky inky potions.
  1357 | D:1      | 1357 ||| DROPPING scroll of blinking.
  1358 | D:1      | 1358 ||| DROPPING potion of attraction.
  1370 | D:2      | 1370 ||| STAIRDANCE
  1392 | D:2      | Found a faded altar of an unknown god.
  1481 | D:2      | 1481 ||| Stepping ~*~*~tactically~*~*~ (stealth).
  1514 | D:2      | 1514 ||| Stepping ~*~*~tactically~*~*~ (stealth).
  1516 | D:2      | 1516 ||| Stepping ~*~*~tactically~*~*~ (stealth).
  1558 | D:2      | Reached XP level 4. HP: 26/26 MP: 8/8
  1599 | D:2      | Found a white marble altar of Elyvilon.
  1702 | D:2      | Reached skill level 5 in Axes
  1970 | D:2      | 1970 ||| READING scroll of enchant weapon.
  1970 | D:2      | 1970 ||| ENCHANTING +3 hand axe.
  2120 | D:2      | Gained mutation: Your magical nature lets you fly swiftly
                  | and evasively. [Tengu growth]
  2120 | D:2      | Reached XP level 5. HP: 30/30 MP: 9/9
  2184 | D:2      | 2184 ||| READING scroll labelled PYSAEBRONGU.
  2185 | D:2      | 2185 ||| READING scroll labelled KAMAXK DYOPN.
  2186 | D:2      | 2186 ||| READING scroll labelled OBIZ GEFAZUKABAAX.
  2187 | D:2      | 2187 ||| DRINKING 2 lumpy clear potions.
  2188 | D:2      | 2188 ||| DRINKING 2 brown potions.
  2289 | D:2      | 2289 ||| DROPPING potion of flight.
  2290 | D:2      | 2290 ||| DROPPING potion of ambrosia.
  2362 | D:3      | 2362 ||| FLEEEEING.
  2363 | D:3      | 2363 ||| FLEEEEING.
  2364 | D:3      | 2364 ||| FLEEEEING.
  2365 | D:3      | 2365 ||| FLEEEEING.
  2366 | D:3      | 2366 ||| FLEEEEING.
  2367 | D:3      | 2367 ||| FLEEEEING.
  2368 | D:3      | 2368 ||| FLEEEEING.
  2369 | D:3      | 2369 ||| FLEEEEING.
  2370 | D:3      | 2370 ||| FLEEEEING.
  2371 | D:3      | 2371 ||| FLEEEEING.
  2373 | D:3      | 2373 ||| FLEEEEING.
  2374 | D:3      | 2374 ||| FLEEEEING.
  2375 | D:3      | 2375 ||| FLEEEEING.
  2376 | D:3      | 2376 ||| FLEEEEING.
  2377 | D:3      | 2377 ||| FLEEEEING.
  2378 | D:3      | 2378 ||| FLEEEEING.
  2379 | D:3      | 2379 ||| FLEEEEING.
  2382 | D:3      | 2382 ||| FLEEEEING.
  2383 | D:3      | 2383 ||| FLEEEEING.
  2384 | D:3      | 2384 ||| FLEEEEING.
  2385 | D:3      | 2385 ||| FLEEEEING.
  2386 | D:3      | 2386 ||| FLEEEEING.
  2387 | D:3      | 2387 ||| FLEEEEING.
  2388 | D:3      | 2388 ||| FLEEEEING.
  2389 | D:3      | 2389 ||| FLEEEEING.
  2390 | D:3      | 2390 ||| FLEEEEING.
  2394 | D:3      | 2394 ||| FLEEEEING.
  2395 | D:3      | 2395 ||| FLEEEEING.
  2396 | D:3      | 2396 ||| FLEEEEING.
  2397 | D:3      | 2397 ||| FLEEEEING.
  2398 | D:3      | 2398 ||| FLEEEEING.
  2399 | D:3      | 2399 ||| FLEEEEING.
  2400 | D:3      | 2400 ||| FLEEEEING.
  2401 | D:3      | 2401 ||| FLEEEEING.
  2402 | D:3      | 2402 ||| FLEEEEING.
  2404 | D:3      | 2404 ||| STAIRDANCE
  2444 | D:3      | Reached skill level 6 in Axes
  2486 | D:3      | 2486 ||| Stepping ~*~*~tactically~*~*~ (stealth).
  2498 | D:3      | 2498 ||| DRINKING 2 potions of curing.
  2498 | D:3      | 2498 ||| (to cure confusion)
  2563 | D:3      | 2563 ||| FLEEEEING.
  2564 | D:3      | 2564 ||| FLEEEEING.
  2565 | D:3      | 2565 ||| FLEEEEING.
  2618 | D:3      | Noticed Sigmund
  2619 | D:3      | 2619 ||| FLEEEEING.
  2620 | D:3      | 2620 ||| FLEEEEING.
  2621 | D:3      | 2621 ||| FLEEEEING.
  2626 | D:3      | 2626 ||| FLEEEEING.
  2627 | D:3      | 2627 ||| FLEEEEING.
  2628 | D:3      | 2628 ||| FLEEEEING.
  2629 | D:3      | 2629 ||| FLEEEEING.
  2630 | D:3      | 2630 ||| FLEEEEING.
  2631 | D:3      | 2631 ||| FLEEEEING.
  2632 | D:3      | 2632 ||| FLEEEEING.
  2633 | D:3      | 2633 ||| FLEEEEING.
  2634 | D:3      | 2634 ||| FLEEEEING.
  2653 | D:3      | Killed Sigmund
  2654 | D:3      | Reached skill level 7 in Axes
  2654 | D:3      | Reached XP level 6. HP: 11/35 MP: 10/10
  2657 | D:3      | HP: 8/35 [poisoned by Sigmund]
  2912 | D:3      | Found a blossoming altar of Fedhas.
  2957 | D:3      | Noticed Ijyb
  2958 | D:3      | 2958 ||| Stepping ~*~*~tactically~*~*~ (hiding).
  2960 | D:3      | 2960 ||| Stepping ~*~*~tactically~*~*~ (hiding).
  2962 | D:3      | 2962 ||| Stepping ~*~*~tactically~*~*~ (hiding).
  2964 | D:3      | 2964 ||| Stepping ~*~*~tactically~*~*~ (hiding).
  2975 | D:3      | Killed Ijyb
  3047 | D:3      | 3047 ||| Stepping ~*~*~tactically~*~*~ (stealth).
  3048 | D:3      | Noticed Robin
  3049 | D:3      | 3049 ||| Stepping ~*~*~tactically~*~*~ (hiding).
  3062 | D:3      | Killed Robin
  3137 | D:3      | 3137 ||| Stepping ~*~*~tactically~*~*~ (stealth).
  3141 | D:3      | 3141 ||| Stepping ~*~*~tactically~*~*~ (stealth).
  3145 | D:3      | Reached skill level 3 in Fighting
  3145 | D:3      | Reached XP level 7. HP: 41/41 MP: 11/11
  3149 | D:3      | 3149 ||| Stepping ~*~*~tactically~*~*~ (stealth).
  3150 | D:3      | 3150 ||| Stepping ~*~*~tactically~*~*~ (stealth).
  3279 | D:3      | Reached skill level 3 in Dodging
  3483 | D:3      | 3483 ||| SWAPPING to +0 war axe.
  3484 | D:3      | 3484 ||| DROPPING +4 hand axe.
  3538 | D:3      | Found a shimmering blue altar of Sif Muna.
  3538 | D:3      | Found a radiant altar of Vehumet.
  3539 | D:3      | Found a shimmering altar of Xom.
  3946 | D:3      | 3946 ||| UPGRADING to +0 ring mail.
  3956 | D:3      | 3956 ||| DROPPING +0 leather armour.
  3957 | D:3      | 3957 ||| READING 2 scrolls of identify.
  3957 | D:3      | 3957 ||| IDENTIFYING amethyst potion
  4003 | D:4      | 4003 ||| Stepping ~*~*~tactically~*~*~ (stealth).
  4082 | D:4      | 4082 ||| Stepping ~*~*~tactically~*~*~ (stealth).
  4116 | D:4      | 4116 ||| Stepping ~*~*~tactically~*~*~ (stealth).
  4409 | D:4      | Found a runed translucent door.
  4412 | D:4      | Noticed Leithi's ghost (novice DgWn)
  4429 | D:4      | Reached skill level 8 in Axes
  4633 | D:4      | Reached XP level 8. HP: 46/46 MP: 12/12
  4857 | D:4      | 4857 ||| READING scroll labelled QAFIMPYNUOF.
  4998 | D:4      | 4998 ||| READING 2 scrolls of identify.
  4998 | D:4      | 4998 ||| IDENTIFYING grey potion
  5008 | D:5      | Entered Level 5 of the Dungeon
  5031 | D:5      | Noticed Prince Ribbit
  5043 | D:5      | Killed Prince Ribbit
  5044 | D:5      | Reached skill level 9 in Axes
  5086 | D:5      | 5086 ||| Stepping ~*~*~tactically~*~*~ (stealth).
  5124 | D:5      | 5124 ||| Stepping ~*~*~tactically~*~*~ (stealth).
  5125 | D:5      | 5125 ||| Stepping ~*~*~tactically~*~*~ (stealth).
  5162 | D:5      | 5162 ||| Stepping ~*~*~tactically~*~*~ (stealth).
  5164 | D:5      | 5164 ||| Stepping ~*~*~tactically~*~*~ (hiding).
  5178 | D:5      | 5178 ||| Stepping ~*~*~tactically~*~*~ (stealth).
  5691 | D:5      | 5691 ||| READING scroll labelled YSMIYJ FIACE.
  5695 | D:5      | 5695 ||| READING scroll labelled QEHA BYTUSTI.
  5696 | D:5      | 5696 ||| READING 2 scrolls of identify.
  5696 | D:5      | 5696 ||| IDENTIFYING black potion
  5697 | D:5      | 5697 ||| DROPPING potion of degeneration.
  5698 | D:5      | 5698 ||| Stepping randomly (stuck).
  5699 | D:5      | 5699 ||| Stepping ~*~*~tactically~*~*~ (cloud).
  5917 | D:6      | 5917 ||| Stepping ~*~*~tactically~*~*~ (hiding).
  5918 | D:6      | 5918 ||| Stepping ~*~*~tactically~*~*~ (hiding).
  6028 | D:6      | Found Qaomairph's General Store.
  6039 | D:6      | 6039 ||| BUYING +1 ring mail of positive energy (182 gold).
  6039 | D:6      | Bought a +1 ring mail of positive energy for 182 gold
                  | pieces
  6039 | D:6      | 6039 ||| SHOPLISTING +4 ring of evasion (504 gold, have
                  | 217).
  6039 | D:6      | 6039 ||| BUYING scroll of identify (28 gold).
  6039 | D:6      | Bought a scroll of identify for 28 gold pieces
  6213 | D:6      | 6213 ||| READING scroll of enchant weapon.
  6213 | D:6      | 6213 ||| ENCHANTING +0 war axe.
  6326 | D:6      | Identified the +1 quarterstaff "Atoguer" {vamp, Will+ rCorr
                  | Int+3 SInv}
  6582 | D:6      | Reached skill level 10 in Axes
  6645 | D:6      | Reached skill level 3 in Throwing
  6940 | D:6      | 6940 ||| UPGRADING to +1 ring mail of positive energy.
  6950 | D:6      | 6950 ||| DROPPING +0 ring mail.
  6951 | D:6      | 6951 ||| UPGRADING to +0 chain mail.
  6961 | D:6      | 6961 ||| DROPPING +1 ring mail of positive energy.
  6962 | D:6      | 6962 ||| UPGRADING to ring of protection from cold.
  6963 | D:6      | 6963 ||| READING scroll labelled DOUDGH URUO.
  6964 | D:6      | 6964 ||| READING scroll labelled ZUSOLE TIDGH.
  7030 | D:6      | 7030 ||| Stepping randomly (stuck).
  7089 | D:6      | Reached skill level 3 in Armour
  7089 | D:6      | Reached XP level 9. HP: 40/52 MP: 13/13
  7091 | D:6      | 7091 ||| STAIRDANCE
  7161 | D:6      | 7161 ||| Stepping randomly (stuck).
  7352 | D:7      | 7352 ||| Stepping ~*~*~tactically~*~*~ (stealth).
  7506 | D:7      | 7506 ||| Stepping ~*~*~tactically~*~*~ (stealth).
  7510 | D:7      | 7510 ||| Stepping ~*~*~tactically~*~*~ (stealth).
  7523 | D:7      | 7523 ||| Stepping ~*~*~tactically~*~*~ (stealth).
  7566 | D:7      | 7566 ||| DROPPING +0 whip.
  7581 | D:7      | Found a staircase to the Ecumenical Temple.
  7582 | D:7      | 7582 ||| PLANNING TEMPLE
  7587 | Temple   | Entered the Ecumenical Temple
  7610 | Temple   | Became a worshipper of Warmaster Okawaru
  7677 | Temple   | 7677 ||| PLANNING D:1-11
  7784 | D:7      | HP: 6/54 [electric eel/bolt of electricity (11)]
  7785 | D:7      | 7785 ||| DRINKING potion of heal wounds.
  8077 | D:7      | 8077 ||| Stepping ~*~*~tactically~*~*~ (hiding).
  8089 | D:7      | Reached skill level 11 in Axes
  8090 | D:7      | HP: 12/54 [orc warrior/+0 halberd (12)]
  8093 | D:7      | Slain by an orc warrior

Levels and vault maps discovered:
D:1:      reono_arrival_mine, layout_loops_corners
D:2:      minmay_razor_zed, layout_rooms, basic_altar,
          dreamdust_ecumenical_altar_angels_and_demons, grunt_decor_fettered,
          minmay_heptomino_l4
D:3:      layout_basic, fedhas_altar_3, gammafunk_temple_overflow_claw,
          serial_corexii_hall, chequers_hall_statues_corner_a,
          corexii_hall_statues_i, chequers_hall_statues_y,
          guppyfry_early_lair_pool, uniq_sigmund, uniq_robin, uniq_ijyb
D:4:      layout_basic, ebering_ghost_sewer_d, dk_noncrumbling_4
D:5:      layout_gridville, minmay_misc_feat_secret_circle, uniq_prince_ribbit1
D:6:      layout_loops_corners, serial_shops, nicolae_shop_stone,
          nicolae_fountain_basement
D:7:      nicolae_cairo_tiling, layout_gridville, minmay_temple_entry_hall,
          serial_bayou_ford_a, minmay_misc_feat_pillars
Temple:   nicolae_temple_superstar

Skill      XL: |  1  2  3  4  5  6  7  8  9 |
---------------+----------------------------+-----
Axes           | 3 4 5 7 8 10 11 | 11.0
Fighting       | 3 4 5 |  5.2
Dodging        | 3 |  3.4
Throwing       | 2 3 |  3.3
Armour         | 3 4 |  4.1
Spellcasting   | |  2.0
Translocations | |  2.4

Action                   |  1- 3 |  4- 6 |  7- 9 || total
-------------------------+-------+-------+-------++-------
Melee: Hand axe          |    61 |    92 |    15 ||   168
       Kick              |    17 |    16 |    53 ||    86
       Peck              |     6 |    15 |    26 ||    47
       Punch             |       |     1 |     4 ||     5
       War axe           |       |       |   148 ||   148
Throw: Boomerang         |     7 |       |       ||     7
       Javelin           |    20 |    26 |    54 ||   100
  Use: Scroll            |     4 |     4 |     9 ||    17
       Potion            |     2 |     3 |     1 ||     6
Armor: Leather armour    |    26 |    26 |     3 ||    55
       Ring mail         |       |       |    23 ||    23
       Chain mail        |       |       |    33 ||    33
Dodge: Dodged            |    40 |    34 |    76 ||   150

Table legend:
 A = Non-vault XP
 B = Vault XP
 C = Vault XP percentage of total XP
 D = Non-vault monster count
 E = Vault monster count
 F = Vault count percentage of total count
                 A         B        C        D         E       F
            +---------+---------+-------+---------+---------+-------
      Total |    2646 |     705 |  21.0 |     128 |      27 |  17.4
            +---------+---------+-------+---------+---------+-------
        D:1 |      48 |       0 |   0.0 |      29 |       0 |   0.0
        D:2 |      66 |      55 |  45.5 |      20 |      13 |  39.4
        D:3 |     431 |     294 |  40.6 |      25 |      11 |  30.6
        D:4 |     316 |       0 |   0.0 |      12 |       0 |   0.0
        D:5 |     260 |     268 |  50.8 |       9 |       1 |  10.0
        D:6 |     635 |      88 |  12.2 |       8 |       2 |  20.0
        D:7 |     890 |       0 |   0.0 |      25 |       0 |   0.0
            +---------+---------+-------+---------+---------+-------
